[Event "*** MasterClass Titled Tuesday Blitz"]
[Site "Chess.com"]
[Date "2017.08.01"]
[Round "10"]
[White "IMcoach"]
[Black "maciek_92"]
[Result "0-1"]
[WhiteElo "2357"]
[BlackElo "2537"]
[TimeControl "180+2"]
[EndTime "15:10:18 PDT"]
[Termination "maciek_92 won by checkmate"]

1. e4 c5 2. Nf3 e6 3. d3 Nc6 4. Qe2 g6 5. c3 Bg7 6. Bg5 Nge7 7.
Na3 h6 8. Be3 b6 9. g3 d5 10.
Bg2 Ba6 11. exd5 Qxd5 12. c4 Qd7 13. O-O Rd8 14. Rfd1 O-O 15. g4 Bb7 16. Rab1 e5 17. Nc2 Rfe8 18. a3 Qxg4 19. b4 Nd4 20. Nfxd4 Qxg2# 0-1

[Event "*** MasterClass Titled Tuesday Blitz"]
[Site "Chess.com"]
[Date "2017.08.01"]
[Round "10"]
[White "jeaston1"]
[Black "matej2221"]
[Result "0-1"]
[WhiteElo "2196"]
[BlackElo "2266"]
[TimeControl "180+2"]
[EndTime "15:11:15 PDT"]
[Termination "matej2221 won by resignation"]

1. d4 d5 2. c4 c6 3. Nc3 Nf6 4. e3 a6 5. b3 Bf5 6. Nge2 e6 7.
Ng3 Bg6 8. h4 h5 9. Be2 Bd6 10.
O-O Ng4 11. Bxg4 hxg4 12. Qxg4 Rxh4 13. Qf3 Be4 14. Ncxe4 dxe4 15. Nxe4 Bh2+ 16. Kh1 Bg3+ 17. Kg1 Rh1+ 0-1

[Event "*** MasterClass Titled Tuesday Blitz"]
[Site "Chess.com"]
[Date "2017.08.01"]
[Round "10"]
[White "pawnwonder"]
[Black "stefanodinn"]
[Result "0-1"]
[WhiteElo "1863"]
[BlackElo "2171"]
[TimeControl "180+2"]
[EndTime "15:12:14 PDT"]
[Termination "stefanodinn won by resignation"]

1. e4 c5 2. Nf3 g6 3. c3 Bg7 4. d4 cxd4 5. cxd4 d5 6. e5 Nc6 7. Bb5 Bg4 8. Bxc6+ bxc6 9. O-O Nh6 10. h3 Bxf3 11. Qxf3 Nf5 12. Qd1 Qb6 13. g4 Nxd4 14.
Be3 Bxe5 15. f4 Bg7 16. Nc3 c5 17. Nxd5 Qc6 18. Nc3 O-O 19. Rc1 Rad8 20. Na4 Nf5 21. Qb3 Nxe3 22. Qxe3 Qxa4 23. Qxc5 Bd4+ 0-1

[Event "*** MasterClass Titled Tuesday Blitz"]
[Site "Chess.com"]
[Date "2017.08.01"]
[Round "10"]
[White "GMKrikor"]
[Black "MateusViageiro"]
[Result "1-0"]
[WhiteElo "2493"]
[BlackElo "2307"]
[TimeControl "180+2"]
[EndTime "15:12:19 PDT"]
[Termination "GMKrikor won by resignation"]

1. e4 e5 2. Nf3 Nc6 3. Bb5 a6 4. Ba4 Nf6 5. O-O Be7 6. d3 b5 7. Bb3 d6 8. a4 Rb8 9. c3 O-O 10.
Bc2 b4 11. Nbd2 Na7 12. d4 Nd7 13. Nc4 Bf6 14. Be3 Nc6 15. a5 Re8 16. Ba4 Bb7 17. d5 Ne7 18. cxb4 Ng6 19. b5 axb5 20. Bxb5 Ba8 21. Qa4 Ngf8 22. a6 Re7 23. a7 Rc8 24. Ba6 1-0

[Event "*** MasterClass Titled Tuesday Blitz"]
[Site "Chess.com"]
[Date "2017.08.01"]
[Round "10"]
[White "biostatistician"]
[Black "pedroholly22"]
[Result "0-1"]
[WhiteElo "2438"]
[BlackElo "2326"]
[TimeControl "180+2"]
[EndTime "15:12:23 PDT"]
[Termination "pedroholly22 won by resignation"]

1. d4 Nf6 2. Nf3 e6 3. c4 Bb4+ 4. Nbd2 Be7 5. e4 d6 6. Bd3 O-O 7. O-O Nbd7 8. Re1 e5 9. d5 c6 10. b4 a5 11. bxa5 Qxa5 12. Nb3 Qa4 13. Bg5 h6 14.
Bh4 cxd5 15. cxd5 b6 16. Qe2 Ba6 17. Bxa6 Qxa6 18. Qxa6 Rxa6 19. Nfd2 Rfa8 20. Nc1 g5 21. Bg3 Nc5 22. Rb1 Nfd7 23. Nc4 f6 24. f3 Na4 25.
Rb3 Ndc5 26. Rbe3 b5 27. Nd2 b4 28. Ndb3 Nc3 29. Nxc5 dxc5 30. Rd3 Bd6 31. Bf2 Nxa2 32.
Nb3 c4 0-1

[Event "*** MasterClass Titled Tuesday Blitz"]
[Site "Chess.com"]
[Date "2017.08.01"]
[Round "10"]
[White "matein28"]
[Black "Bad4life"]
[Result "0-1"]
[WhiteElo "2359"]
[BlackElo "2181"]
[TimeControl "180+2"]
[EndTime "15:12:24 PDT"]
[Termination "Bad4life won by resignation"]

1. d4 Nf6 2. c4 g6 3. Nf3 Bg7 4.
g3 O-O 5. Bg2 d6 6. O-O Nc6 7.
Nc3 a6 8. e4 Bg4 9. h3 Bxf3 10.
Bxf3 e5 11. d5 Nd4 12. Bg2 c5 13. dxc6 bxc6 14. Be3 Nd7 15. Ne2 c5 16. Nc3 Rb8 17. b3 Qa5 18. Nd5 Kh8 19. Bd2 Qd8 20. Be3 Nb6 21. Nxb6 Rxb6 22. Qd3 Qc8 23. Rab1 a5 24. a3 Qb7 25. Bxd4 cxd4 26. b4 axb4 27. axb4 Rxb4 28. Rxb4 Qxb4 29. Rb1 Qa5 30. Rb5 Qe1+ 31. Bf1 Ra8 32.
Rb1 Qc3 33. Qxc3 dxc3 34. Rb3 c2 35. Rc3 Ra2 36. Kg2 Bh6 0-1

[Event "*** MasterClass Titled Tuesday Blitz"]
[Site "Chess.com"]
[Date "2017.08.01"]
[Round "10"]
[White "CookiesAndIceCream"]
[Black "abubakrtagelsir"]
[Result "0-1"]
[WhiteElo "2048"]
[BlackElo "2284"]
[TimeControl "180+2"]
[EndTime "15:12:38 PDT"]
[Termination "abubakrtagelsir won by resignation"]

1. e4 d6 2. d4 Nf6 3. Nc3 g6 4. Nf3 Bg7 5. Be2 O-O 6. O-O Bg4 7. Ng5 Bxe2 8. Qxe2 Nc6 9. Rd1 h6 10.
Nf3 Nd7 11. Be3 e5 12. dxe5 Ndxe5 13. Nxe5 Nxe5 14. f4 Nc6 15. Qc4 Re8 16. Nd5 Bxb2 17. Rab1 Bg7 18. e5 dxe5 19. Nb6 axb6 20. Rxd8 Raxd8 21. fxe5 Rxe5 22. Bf4 Rd4 23. Qxd4 Nxd4 24. Bxe5 Bxe5 25. Re1 f6 0-1

[Event "*** MasterClass Titled Tuesday Blitz"]
[Site "Chess.com"]
[Date "2017.08.01"]
[Round "10"]
[White "Rsnr"]
[Black "SuperBlitz"]
[Result "0-1"]
[WhiteElo "2508"]
[BlackElo "2489"]
[TimeControl "180+2"]
[EndTime "15:13:04 PDT"]
[Termination "SuperBlitz won by resignation"]

1. d4 g6 2. Nf3 Bg7 3. g3 b6 4.
Bg2 Bb7 5. O-O e6 6. c4 Ne7 7. Nc3 d6 8. b3 Nd7 9. Bb2 h6 10. e3 a6 11. Qe2 O-O 12. Rac1 f5 13. Rfd1 g5 14. b4 Nf6 15. d5 e5 16. c5 Ng6 17.
cxb6 cxb6 18. b5 g4 19. Nd2 h5 20. bxa6 Bxa6 21. Nb5 Rf7 22. Rc6 Bf8 23. a4 Bb7 24. Nc4 Rxa4 25. Ncxd6 Bxc6 26. Nxf7 Bxb5 27. Qxb5 Qa8 28.
d6 Qa5 0-1

[Event "*** MasterClass Titled Tuesday Blitz"]
[Site "Chess.com"]
[Date "2017.08.01"]
[Round "10"]
[White "livestrong04"]
[Black "Saitama_Hero"]
[Result "1-0"]
[WhiteElo "2367"]
[BlackElo "2230"]
[TimeControl "180+2"]
[EndTime "15:13:07 PDT"]
[Termination "livestrong04 won by resignation"]

1. e4 d6 2. d4 e5 3. Nc3 exd4 4. Qxd4 Nc6 5. Qe3 Nf6 6. Bd2 g6 7. O-O-O Bg7 8. f3 O-O 9. g4 Be6 10. g5 Nd7 11. h4 Nc5 12. h5 Qe7 13. f4 Rae8 14. Bg2 Nb4 15. a3 Na2+ 16. Kb1 Nxc3+ 17. Bxc3 Bxc3 18. Qxc3 Bg4 19. Re1 gxh5 20. Bf3 f5 21. gxf6 Qxf6 22. e5 Qxf4 23. Bd5+ Be6 24. Nh3 Na4 25.
Bxe6+ Rxe6 26. Qb3 1-0

[Event "*** MasterClass Titled Tuesday Blitz"]
[Site "Chess.com"]
[Date "2017.08.01"]
[Round "10"]
[White "Marcus_Harvey"]
[Black "prochn"]
[Result "1-0"]
[WhiteElo "2565"]
[BlackElo "2278"]
[TimeControl "180+2"]
[EndTime "15:13:18 PDT"]
[Termination "Marcus_Harvey won by resignation"]

1. Nf3 d5 2. b3 Nf6 3. Bb2 c5 4. e3 Nc6 5. Bb5 Qc7 6. O-O a6 7. Bxc6+ Qxc6 8. d4 Bg4 9. h3 Bxf3 10. Qxf3 cxd4 11.
Bxd4 Ne4 12. c4 dxc4 13. Rc1 Nd6 14. Qxc6+ bxc6 15. Nd2 f6 16. Nxc4 Nxc4 17. Rxc4 e5 18. Bb2 Be7 19. Rxc6 Kd7 20. Rac1 Rhc8 21. Rxc8 Rxc8 22.
Rxc8 Kxc8 23. e4 Kd7 24. Kf1 Kc6 25. Ke2 Bc5 26. f3 Kb5 27. Kd3 Bb4 28. a4+ Kc5 29. g4 Kc6 30. Kc4 Bc5 31. b4 Be7 32. b5+ axb5+ 33.
axb5+ Kb6 34. Bc1 Bc5 35. h4 g6 36. h5 Bf2 37. Bd2 gxh5 38. gxh5 Bg1 39. Bb4 Bf2 40. Be7 Bh4 41. Kd5 Kxb5 42. Ke6 Kc4 43. Bxf6 Bf2 44. Bxe5 Kd3 45. f4 1-0

[Event "*** MasterClass Titled Tuesday Blitz"]
[Site "Chess.com"]
[Date "2017.08.01"]
[Round "10"]
[White "Giraffe_Chess"]
[Black "1lec"]
[Result "1-0"]
[WhiteElo "2220"]
[BlackElo "2061"]
[TimeControl "180+2"]
[EndTime "15:14:03 PDT"]
[Termination "Giraffe_Chess won by resignation"]

1. e4 e5 2. Nf3 Nc6 3. Nc3 Nf6 4. d4 exd4 5. Nxd4 Bb4 6. Nxc6 bxc6 7. Bd3 d5 8. exd5 cxd5 9. Qe2+ Qe7 10. Qxe7+ Bxe7 11. O-O O-O 12. Re1 Bd8 13. Bf4 c6 14. Na4 Bg4 15.
h3 Bh5 16. Bd6 Re8 17. Rxe8+ Nxe8 18. Bc5 Bf6 19. Re1 Nc7 20. f4 Ne6 21. Be3 Nd4 22.
c3 Ne6 1-0

[Event "*** MasterClass Titled Tuesday Blitz"]
[Site "Chess.com"]
[Date "2017.08.01"]
[Round "10"]
[White "Bryakin_Mikhail"]
[Black "silverback96"]
[Result "1-0"]
[WhiteElo "2504"]
[BlackElo "2119"]
[TimeControl "180+2"]
[EndTime "15:14:10 PDT"]
[Termination "Bryakin_Mikhail won by resignation"]

1. d4 Nf6 2. Bg5 c5 3. Bxf6 gxf6 4. d5 e6 5. c4 b5 6. cxb5 a6 7. e3 axb5 8. Bxb5 Qa5+ 9. Nc3 Bb7 10. Ne2 Bxd5 11.
O-O Bc6 12. Bxc6 Nxc6 13. Ne4 Be7 14. Nd6+ Bxd6 15. Qxd6 Qa6 16. Nc3 Ne5 17. Qxc5 Rc8 18. Qb4 Rc4 19. Qb8+ Rc8 20. Qb5 Qxb5 21. Nxb5 Rb8 22.
a4 d5 23. Rfc1 Nc4 24. b3 Nd2 25. Rc3 O-O 26. f3 Rfc8 27. Rac1 Rxc3 28. Rxc3 e5 29. Rd3 Nb1 30. Rxd5 Rc8 31. a5 Rc1+ 32. Kf2 Rc2+ 33. Kg3 Ra2 34. b4 Kg7 35. Nc7 Nc3 36. Rd3 Ne2+ 37.
Kh4 Kg6 38. Ne8 Rc2 39. Rd6 Rc4+ 40. e4 h6 41. Rxf6+ Kh7 42. Rxf7+ Kg8 43. Rb7 Rc6 44. b5 Rg6 45. g4 h5 46. g5 1-0

[Event "*** MasterClass Titled Tuesday Blitz"]
[Site "Chess.com"]
[Date "2017.08.01"]
[Round "10"]
[White "HaryKane"]
[Black "ka1ser64"]
[Result "1-0"]
[WhiteElo "2310"]
[BlackElo "2356"]
[TimeControl "180+2"]
[EndTime "15:14:23 PDT"]
[Termination "HaryKane won by resignation"]

1. e4 e6 2. d4 d5 3. Nd2 Nf6 4. e5 Nfd7 5. Bd3 c5 6. c3 Nc6 7.
Ngf3 g5 8. O-O g4 9. Ne1 cxd4 10. cxd4 Nxd4 11. Qxg4 Nc6 12. f4 Nc5 13. Bb1 Bd7 14. Nd3 Qb6 15. Kh1 O-O-O 16. Nxc5 Bxc5 17. Nb3 Rhg8 18. Qh5 Nd4 19. Bxh7 Rh8 20. Nxc5 Qxc5 21. Be3 Qc4 22.
Rac1 Nc2 23. Rf2 Nxe3 24. Rxc4+ dxc4 25. h3 Bc6 26. Qxf7 Rd7 27. Qxe6 Rxh7 28. Kg1 Kc7 29. f5 Rd1+ 30. Kh2 Rg7 31. f6 Bd7 32. Qd6+ Rxd6 33. exd6+ Kxd6 34. fxg7 Be6 35. Rf6 Nf1+ 36. Kg1 1-0

[Event "*** MasterClass Titled Tuesday Blitz"]
[Site "Chess.com"]
[Date "2017.08.01"]
[Round "10"]
[White "MartinMatthiesen"]
[Black "DiamondCrusher22"]
[Result "1-0"]
[WhiteElo "2227"]
[BlackElo "2063"]
[TimeControl "180+2"]
[EndTime "15:14:31 PDT"]
[Termination "MartinMatthiesen won by resignation"]

1. d4 d5 2. Bf4 Nf6 3. e3 Bf5 4. c4 c6 5. Nc3 e6 6. Qb3 Qb6 7. c5 Qxb3 8. axb3 Nbd7 9. h3 Be7 10. b4 O-O 11. b5 h6 12. bxc6 bxc6 13. Ba6 e5 14. dxe5 Nh5 15. Bh2 Nxc5 16. g4 Bd3 17. Bxd3 Nxd3+ 18. Ke2 Nxb2 19. gxh5 a5 20. Nf3 a4 21.
Nd4 Rfc8 22. Ra2 a3 23. Rb1 Nc4 24. Rb7 Bc5 25. e6 Bxd4 26. exf7+ Kf8 27. exd4 Rd8 28. Kd3 Nb2+ 29. Kc2 Nc4 30. Ne2 Ra4 31. Nf4 Ne3+ 32. fxe3 Rc4+ 33. Kd3 1-0

[Event "*** MasterClass Titled Tuesday Blitz"]
[Site "Chess.com"]
[Date "2017.08.01"]
[Round "10"]
[White "Grootneus"]
[Black "attack2mateU"]
[Result "0-1"]
[WhiteElo "2056"]
[BlackElo "2484"]
[TimeControl "180+2"]
[EndTime "15:14:34 PDT"]
[Termination "attack2mateU won by resignation"]

1. e4 c5 2. c3 d5 3. exd5 Qxd5 4.
d4 Nc6 5. Nf3 Bf5 6. Be2 cxd4 7.
cxd4 Bxb1 8. Rxb1 Nf6 9. O-O e6 10. b3 Bd6 11. Be3 O-O 12. Bc4 Qh5 13. h3 Nd5 14. Nd2 Qxd1 15. Rfxd1 Nc3 16. Rbc1 Nxd1 17. Rxd1 Ne7 18. Ne4 Bb4 19. Bc1 Nd5 20. Bb2 Rfd8 21.
a3 Be7 22. Kf1 Rac8 23. Ke2 a6 24. g3 b5 25. Bd3 f5 26. Nd2 Nc3+ 27. Bxc3 Rxc3 28.
a4 Rxd4 29. Nf3 Rb4 30. axb5 axb5 31. Ne5 Bf6 32. Nd7 Rbxb3 33. Bb1 Kf7 34. Kf1 Rb2 35. Nb6 Rf3 36. Rd7+ Ke8 0-1

[Event "*** MasterClass Titled Tuesday Blitz"]
[Site "Chess.com"]
[Date "2017.08.01"]
[Round "10"]
[White "axlbvRR"]
[Black "Big_Fishy"]
[Result "0-1"]
[WhiteElo "1974"]
[BlackElo "2227"]
[TimeControl "180+2"]
[EndTime "15:14:37 PDT"]
[Termination "Big_Fishy won by resignation"]

1. d4 Nf6 2. Nf3 g6 3. Bf4 Bg7 4. e3 d6 5. Be2 O-O 6. O-O Nbd7 7. h3 b6 8. c4 Bb7 9. Nc3 Re8 10. b4 e5 11. Bh2 a5 12. a3 axb4 13. axb4 Rxa1 14.
Qxa1 e4 15. Nd2 h5 16. c5 dxc5 17. bxc5 bxc5 18. Qa7 cxd4 19. exd4 Qa8 20. Qxa8 Rxa8 21. Bxc7 Nd5 22. Nxd5 Bxd5 23. Bc4 Bxc4 24. Nxc4 Rc8 25. Bf4 Rxc4 26. Be3 Bxd4 27. Rd1 Bxe3 28. Rxd7 Rc1+ 29.
Kh2 Bxf2 30. Re7 e3 31. Re4 h4 32. g4 hxg3+ 33. Kg2 Kg7 34. h4 f5 35. Re7+ Kf6 36.
Rh7 Ke5 37. Kf3 Rc2 38. Re7+ Kf6 39. Rh7 e2 40. Kg2 e1=Q 41. h5 Qe4+ 42. Kh3 Qg4+ 43. Kg2 Bd4+ 0-1

[Event "*** MasterClass Titled Tuesday Blitz"]
[Site "Chess.com"]
[Date "2017.08.01"]
[Round "10"]
[White "lukas_111111"]
[Black "dzhumagaliev"]
[Result "0-1"]
[WhiteElo "2406"]
[BlackElo "2512"]
[TimeControl "180+2"]
[EndTime "15:14:41 PDT"]
[Termination "dzhumagaliev won by resignation"]

1. e4 c5 2. Nf3 Nc6 3. d4 cxd4 4. Nxd4 e6 5. Nc3 a6 6. Nxc6 bxc6 7. Bd3 d5 8. O-O Qc7 9. Re1 Bb7 10. Qf3 Bd6 11. Qh3 Ne7 12. Bd2 e5 13. Na4 Bc8 14. Qg3 O-O 15. Qe3 Rb8 16. c4 d4 17. Qe2 c5 18. b4 Bd7 19. Nxc5 Bxc5 20. bxc5 Qxc5 21. f4 f6 22. fxe5 fxe5 23. Rf1 Ng6 24. a3 a5 25. Rxf8+ Nxf8 26. Qe1 Rb3 27. Be2 d3+ 0-1

[Event "*** MasterClass Titled Tuesday Blitz"]
[Site "Chess.com"]
[Date "2017.08.01"]
[Round "10"]
[White "El-Ajedrecista"]
[Black "Me_ch_an"]
[Result "1/2-1/2"]
[WhiteElo "1845"]
[BlackElo "2356"]
[TimeControl "180+2"]
[EndTime "15:14:48 PDT"]
[Termination "Game drawn by repetition"]

1. d4 d5 2. c4 dxc4 3. Nf3 Nf6 4. e3 Bg4 5. Bxc4 e6 6. Qb3 Bxf3 7. gxf3 Nbd7 8. Qxb7 c5 9. Nc3 cxd4 10. exd4 Qb8 11.
Qxb8+ Rxb8 12. Rb1 Bb4 13. Bd2 O-O 14. Ke2 Nb6 15.
Bd3 Rfd8 16. a3 Bd6 17. Nb5 Rb7 18. Nxd6 Rxd6 19. Be3 Nbd5 20. Rhc1 h6 21. b4 Rd8 22.
b5 Nh5 23. Be4 Rbd7 24. a4 Nhf4+ 25. Bxf4 Nxf4+ 26. Ke3 Ng2+ 27. Ke2 Rxd4 28. a5 f5 29. Rd1 Nf4+ 30. Ke1 Ng2+ 31. Ke2 Nf4+ 32. Ke1 Ng2+ 33. Ke2 Nf4+ 1/2-1/2

[Event "*** MasterClass Titled Tuesday Blitz"]
[Site "Chess.com"]
[Date "2017.08.01"]
[Round "10"]
[White "GM_dmitrij"]
[Black "nekochabo"]
[Result "0-1"]
[WhiteElo "2478"]
[BlackElo "2568"]
[TimeControl "180+2"]
[EndTime "15:15:08 PDT"]
[Termination "nekochabo won by checkmate"]

1. e4 c5 2. Nf3 e6 3. d4 cxd4 4. Nxd4 a6 5. c4 Nf6 6. Nc3 Qc7 7. Be2 b6 8. O-O Bb7 9. Qd3 Be7 10. f4 d6 11. Be3 Nbd7 12. b4 Rc8 13. Rac1 O-O 14. a3 Qb8 15. g4 h6 16. h4 Qa8 17. Bf3 g5 18. fxg5 Ne5 19. Qe2 Nxf3+ 20. Nxf3 Nxe4 21.
Nxe4 Bxe4 22. gxh6 b5 23. Ng5 Bxg5 24. Bxg5 bxc4 25.
Rxc4 Rxc4 26. Qxc4 Rc8 27. Qd4 e5 28. Qf2 f5 29. Qa2+ d5 30. Rc1 f4 31. Rxc8+ Qxc8 32. Qb2 Qxg4+ 33. Kf1 Bd3+ 34. Ke1 Qg1+ 35. Kd2 Qe3+ 36.
Kd1 Qg1+ 37. Kd2 Qf2+ 38. Kc3 Qd4+ 39. Kb3 Qc4+ 40. Ka4 Bc2+ 41. Ka5 Qb5# 0-1

[Event "*** MasterClass Titled Tuesday Blitz"]
[Site "Chess.com"]
[Date "2017.08.01"]
[Round "10"]
[White "KyronGriffith"]
[Black "Blitzking4444"]
[Result "1-0"]
[WhiteElo "2350"]
[BlackElo "2149"]
[TimeControl "180+2"]
[EndTime "15:15:10 PDT"]
[Termination "KyronGriffith won on time"]

1. e4 e6 2. d4 d5 3. Nd2 Be7 4. Ngf3 Nf6 5. e5 Nfd7 6. Bd3 c5 7. c3 Nc6 8. O-O a5 9. Re1 cxd4 10. cxd4 Qb6 11.
Nb1 Nxd4 12. Nxd4 Qxd4 13. Nc3 Qb6 14. Qg4 g6 15. Bg5 Bxg5 16. Qxg5 O-O 17. Nb5 Nc5 18. Qe3 Na4 19. Qf4 Nxb2 20. Bf1 Bd7 21. Rab1 Nc4 22. Nd6 Qc6 23. Rec1 b5 24. Rxb5 Qa6 25. Bxc4 dxc4 26. Rc5 Bc6 27. R5xc4 Bd5 28. R4c3 f6 29. exf6 Rad8 30.
f7+ Kg7 31. Qe5+ 1-0

[Event "*** MasterClass Titled Tuesday Blitz"]
[Site "Chess.com"]
[Date "2017.08.01"]
[Round "10"]
[White "ehrenfeld"]
[Black "Fins0905"]
[Result "1-0"]
[WhiteElo "2423"]
[BlackElo "2409"]
[TimeControl "180+2"]
[EndTime "15:15:11 PDT"]
[Termination "ehrenfeld won by checkmate"]

1. e4 c5 2. Nf3 d6 3. Bc4 Nf6 4.
d3 Nc6 5. c3 e6 6. Bb3 Be7 7.
O-O O-O 8. Re1 d5 9. e5 Nd7 10. d4 cxd4 11. cxd4 Nb6 12. Nc3 Bd7 13. Bc2 Rc8 14.
Qd3 g6 15. Bh6 Nb4 16. Qd2 Nxc2 17. Qxc2 Re8 18. Rac1 Nc4 19. b3 Na3 20. Qd3 a6 21. Qe3 f6 22. exf6 Bxf6 23. Ne5 Nb5 24. Nxb5 Bxb5 25.
Ng4 Bh8 26. Bg5 Qd6 27. Nh6+ Kg7 28. Bf4 e5 29. Bxe5+ Rxe5 30. dxe5 Qd8 31. Rxc8 Qxc8 32. e6 Kf8 33. Qf4+ Ke7 34. Nf7 Qc3 35. Qd6+ Kf6 36.
Qd8+ Kf5 37. Qg5# 1-0

[Event "*** MasterClass Titled Tuesday Blitz"]
[Site "Chess.com"]
[Date "2017.08.01"]
[Round "10"]
[White "olomi007"]
[Black "Rodalquilar"]
[Result "1-0"]
[WhiteElo "2526"]
[BlackElo "2535"]
[TimeControl "180+2"]
[EndTime "15:15:26 PDT"]
[Termination "olomi007 won by resignation"]

1. e4 e5 2. Nf3 Nc6 3. Bb5 a6 4.
Ba4 Nf6 5. O-O Be7 6. Re1 b5 7. Bb3 d6 8. c3 O-O 9. h3 Na5 10. Bc2 d5 11. d4 Nxe4 12. Nxe5 f6 13. Rxe4 dxe4 14. Bxe4 fxe5 15. Bxa8 Bxh3 16. Be4 Bf5 17. Bxf5 Rxf5 18. a4 Qd5 19. axb5 Nb3 20. Rxa6 Nxc1 21. Qxc1 Rg5 22. Qf1 exd4 23. c4 Qe5 24. Nd2 Rh5 25. Nf3 Qe4 26. Qe1 Qxe1+ 27. Nxe1 Re5 28. Kf1 Rh5 29. Nd3 Rh1+ 30. Ke2 Rb1 31. Ra7 Bd6 32. c5 Bxc5 33. Rxc7 Bb6 34. Rc6 Ba5 35. b6 Bxb6 36.
Rxb6 Ra1 37. Rb4 Ra8 38. Rxd4 Re8+ 39. Kd2 Rf8 40. b4 h5 41. b5 Kh7 42. b6 Rb8 43.
Rb4 Kh6 44. b7 g5 45. Ne5 h4 46. Nc6 h3 47. gxh3 g4 48. hxg4 1-0

[Event "*** MasterClass Titled Tuesday Blitz"]
[Site "Chess.com"]
[Date "2017.08.01"]
[Round "10"]
[White "stepanosinovsky"]
[Black "Ilja_Semjonovs"]
[Result "1-0"]
[WhiteElo "2298"]
[BlackElo "2402"]
[TimeControl "180+2"]
[EndTime "15:15:34 PDT"]
[Termination "stepanosinovsky won by resignation"]

1. e4 c5 2. Nf3 d6 3. d4 cxd4 4. Nxd4 Nf6 5. Nc3 a6 6. Be3 e5 7. Nb3 Be6 8. Qd2 Be7 9. O-O-O O-O 10. Kb1 a5 11. a4 Nc6 12. f4 exf4 13. Bxf4 Ne5 14.
h3 Nfd7 15. Nd5 Bxd5 16. exd5 Ng6 17. Be3 Bf6 18. g4 h6 19. Nd4 Re8 20. Nf5 Nde5 21.
Bb5 Rf8 22. Qf2 Nh4 23. Bb6 Qc8 24. Nxh4 Nc4 25. Bd4 Bxd4 26. Qxd4 Ne5 27. Nf5 Qc7 28. Rhe1 f6 29. h4 Rac8 30. c3 Nf3 31. Qe4 Nxe1 32. Rxe1 Kh8 33. Ne7 f5 34. gxf5 Rcd8 35. Ng6+ Kh7 36.
Nxf8+ Rxf8 37. f6+ Kh8 38. Qe7 1-0

[Event "*** MasterClass Titled Tuesday Blitz"]
[Site "Chess.com"]
[Date "2017.08.01"]
[Round "10"]
[White "nutibara"]
[Black "djano"]
[Result "0-1"]
[WhiteElo "2248"]
[BlackElo "2320"]
[TimeControl "180+2"]
[EndTime "15:15:35 PDT"]
[Termination "djano won by checkmate"]

1. e4 c5 2. Nf3 Nc6 3. d3 g6 4. g3 Bg7 5. Bg2 d6 6. O-O e6 7.
c3 Nge7 8. d4 cxd4 9. cxd4 d5 10. e5 O-O 11. Nc3 Nf5 12. Bg5 Qb6 13. Na4 Qb4 14. a3 Qa5 15. b4 Qc7 16. Rc1 a6 17.
Qd2 h6 18. Bf6 Re8 19. g4 Nfe7 20. h4 Bd7 21. h5 Qd8 22. hxg6 fxg6 23. Bxg7 Kxg7 24.
Nc5 b6 25. Nb7 Qb8 26. Nd6 Rf8 27. Nh2 Nc8 28. Nxc8 Qxc8 29. f4 Qd8 30. f5 gxf5 31. gxf5 Rxf5 32. Rxf5 exf5 33. Bxd5 Rc8 34. Nf3 Ne7 35.
Rxc8 Qxc8 36. Bb3 Bc6 37. d5 Bb5 38. d6 Ng6 39. e6 Qc6 40. Qd4+ Kh7 41. Kf2 Qc1 42.
d7 Qf1+ 43. Ke3 Qe2# 0-1

[Event "*** MasterClass Titled Tuesday Blitz"]
[Site "Chess.com"]
[Date "2017.08.01"]
[Round "10"]
[White "josiwales"]
[Black "ChessQueen"]
[Result "0-1"]
[WhiteElo "2294"]
[BlackElo "2577"]
[TimeControl "180+2"]
[EndTime "15:15:38 PDT"]
[Termination "ChessQueen won by resignation"]

1. e4 c5 2. Nc3 e6 3. g3 d5 4. exd5 exd5 5. Bg2 d4 6. Nce2 Nf6 7. d3 Be7 8. c3 dxc3 9. bxc3 O-O 10. Be3 Nc6 11. Nf3 Bf5 12. Nf4 Ng4 13. O-O g5 14. Ne2 Nxe3 15.
fxe3 Qxd3 16. Kh1 Qxd1 17. Raxd1 Be6 18. Rd2 Rad8 19. Rfd1 Rxd2 20. Rxd2 Rd8 21. Rxd8+ Nxd8 22. Ne5 Bxa2 23. Be4 Be6 24. Kg2 Bd6 25. Nf3 h6 26. h3 f5 27. Bd3 Nc6 28. e4 fxe4 29. Bxe4 Bd7 30. Nd2 b5 31. Bd5+ Kg7 32. Ne4 Be7 33. g4 a5 34. Kf3 Ne5+ 35. Ke3 b4 36. cxb4 axb4 37. Kd2 Bb5 38. N2g3 Nf3+ 39. Kc1 Nd4 40.
Kb2 c4 41. Nh5+ Kg6 42. Nhg3 Bf8 43. Bg8 Bg7 44. Kb1 c3 45. Nd6 Bd3+ 46. Kc1 Be5 47. Nde4 Bf4+ 48. Kd1 c2+ 0-1

[Event "*** MasterClass Titled Tuesday Blitz"]
[Site "Chess.com"]
[Date "2017.08.01"]
[Round "10"]
[White "politeplayer"]
[Black "HouseOfDurin"]
[Result "0-1"]
[WhiteElo "2190"]
[BlackElo "1918"]
[TimeControl "180+2"]
[EndTime "15:15:44 PDT"]
[Termination "HouseOfDurin won on time"]

1. e4 c5 2. d4 cxd4 3. c3 dxc3 4. Nxc3 d6 5. Nf3 Nc6 6. Bc4 e6 7. O-O Be7 8. Qe2 Nf6 9. Rd1 Qa5 10. Bf4 e5 11. Bd2 Bg4 12. Nd5 Qd8 13. Nxe7 Qxe7 14. Bg5 O-O 15. h3 Nd4 16. Rxd4 Bxf3 17. Qxf3 exd4 18.
Re1 Rac8 19. Bd3 h6 20. Bh4 g5 21. e5 dxe5 22. Bxg5 hxg5 23. Qf5 e4 24. Qxg5+ Kh8 25. Qh4+ Kg7 26. Qg5+ Kh8 27. Qh6+ Nh7 28. Rxe4 Qg5 29. Qd6 f5 30. Re7 Qf6 0-1

[Event "*** MasterClass Titled Tuesday Blitz"]
[Site "Chess.com"]
[Date "2017.08.01"]
[Round "10"]
[White "TregubovP"]
[Black "oskariot"]
[Result "1-0"]
[WhiteElo "2525"]
[BlackElo "2492"]
[TimeControl "180+2"]
[EndTime "15:15:59 PDT"]
[Termination "TregubovP won by resignation"]

1. d4 g6 2. c4 Bg7 3. Nf3 c5 4. d5 b5 5. e4 bxc4 6. Bxc4 d6 7. O-O Nf6 8. Nc3 O-O 9. h3 Nfd7 10. a4 Ba6 11. Bb5 Qc8 12. Bg5 Re8 13. Re1 Qb7 14.
Qd3 Bxb5 15. axb5 a6 16. Ra5 axb5 17. Qxb5 Qxb5 18. Rxb5 Ra7 19. Nd2 Ne5 20. Re3 h6 21. Bf4 Nbd7 22. Bg3 g5 23. f4 gxf4 24. Bxf4 Ng6 25.
Rf3 Nxf4 26. Rxf4 Ne5 27. Nf3 Ra1+ 28. Kh2 Nxf3+ 29. Rxf3 Be5+ 30. g3 Rc1 31. h4 Ra8 32.
Kh3 h5 33. Rf5 Rh1+ 34. Kg2 Raa1 35. Rg5+ Kh7 36. Rxh5+ Kg6 37. Rg5+ Kh7 38. Rb7 Rag1+ 39. Kf3 Bf6 40. Rf5 Kg6 41. Ne2 Rf1+ 42. Kg4 Rxf5 43.
exf5+ Kh7 44. Nf4 Rb1 45. Nh5 Rd1 46. Nxf6+ exf6 47. Rxf7+ 1-0

[Event "*** MasterClass Titled Tuesday Blitz"]
[Site "Chess.com"]
[Date "2017.08.01"]
[Round "10"]
[White "toad"]
[Black "Chess64Surfer"]
[Result "1-0"]
[WhiteElo "2159"]
[BlackElo "2037"]
[TimeControl "180+2"]
[EndTime "15:16:00 PDT"]
[Termination "toad won by checkmate"]

1. d4 d6 2. Nf3 g6 3. g3 Bg7 4. Bg2 Bg4 5. h3 Bxf3 6. Bxf3 c6 7. c4 Nd7 8. Nc3 e6 9. b3 d5 10. e4 dxc4 11. bxc4 Nb6 12. e5 Nxc4 13. Be2 Nb6 14. Ba3 Ne7 15. Ne4 Nbc8 16. O-O O-O 17. Rb1 b6 18. Nd6 Nxd6 19. Bxd6 Re8 20. Qa4 b5 21. Qa6 Qb6 22. Qxb6 axb6 23. a3 Nf5 24. Bf3 Nxd4 25.
Bg2 Ra5 26. Rfd1 c5 27. Bf1 Rxa3 28. Bxb5 Nf3+ 29. Kg2 Nxe5 30. Bxe8 Nf3 31. Rxb6 Nd4 32. Rb8 h6 33. Bxc5 Nf5 34. Rb7 Ra2 35. Bxf7+ Kh7 36. Bxe6 Ne3+ 37. Bxe3 h5 38. Bd4 Kh6 39.
Bxg7+ Kg5 40. h4# 1-0